 Dungeon Crawl Stone Soup version 0.29.1-15-g9cfb28693d (webtiles) character file.

Game seed: 10969733071444911370

190804 javelincjr the Royal Jelly (level 18, -7/142 HPs)
             Began as a Gnoll Conjurer on Apr 9, 2023.
             Was the Champion of Jiyva.
             Mangled by a lorocyproca (18 damage)
             ... on level 4 of the Abyss on Apr 10, 2023.
             The game lasted 03:24:25 (23681 turns).

javelincjr the Royal Jelly (Gnoll Conjurer)        Turns: 23681, Time: 03:24:25

Health: -7/142     AC: 33    Str: 28    XL:     18   Next: 18%
Magic:  0/44       EV: 11    Int: 18    God:    Jiyva [******]
Gold:   2106       SH: 19    Dex:  8    Spells: 23/44 levels left

rFire   + + +      SeeInvis .   S - +8 whip "Snakebite" {venom, curare, rPois}
rCold   + . .      Faith    .   d - +0 kite shield
rNeg    + . .      Spirit   +   U - +10 plate armour of the Northern Lights {+Blink Fly Stlth+}
rPois   +          Reflect  .   (helmet restricted)
rElec   .          Harm     .   h - +2 cloak "Cyow" {rC+ rN+ Str+3}
rCorr   +          Rampage  .   m - +2 pair of gloves
Will    .....                   (no boots)
Stlth   +++.......              E - amulet of guardian spirit
HPRegen 2.73/turn               V - ring "Hussekur" {Fly rF++ Will- Str+6 Stlth+}
MPRegen 0.79/turn               C - ring of Namets {Fire rPois MP+9 Dex-2 Slay+3}

@: calling ooze, flying, hasted, unable to drink, very quick
A: fangs 1, strong nose, distributed training, antennae 1, talons 2, large bone
plates 3, cold resistance 1, regeneration 1, screaming 1, strong 2, gelatinous
body 1, jelly sensing items, inability to drink after injury 1
}: 1/15 runes: slimy
a: Renounce Religion, Evoke Blink, Oozemancy, Slimify


You were on level 4 of the Abyss.
You worshipped Jiyva.
Jiyva was exalted by your worship.
You visited 5 branches of the dungeon, and saw 28 of its levels.
You visited the Abyss 2 times.
You also visited: Sewer, Bailey and Volcano.

You collected 2381 gold pieces.
You spent 275 gold pieces at shops.

Inventory:

Hand Weapons
 r - a +6 long sword
 u - a +2 broad axe of flaming
 v - a +4 demon blade of pain
 S - the +8 whip "Snakebite" (weapon) {venom, curare, rPois}
   (You found it on level 3 of the Lair of Beasts)

   It poisons the flesh of those it strikes.
   It occasionally inflicts asphyxiating poison on those it strikes, dealing
   poison damage and causing slowness.
   rPois:     It protects you from poison.
Missiles
 e - 45 poisoned darts
 A - 6 silver javelins
Armour
 d - a +0 kite shield (worn)
 f - a +2 robe of fire resistance
 h - the +2 cloak "Cyow" (worn) {rC+ rN+ Str+3}
   (You bought it in a shop on level 13 of the Dungeon)

   Str:       It affects your strength (+3).
   rC:        It protects you from cold.
   rN:        It protects you from negative energy.
 m - a +2 pair of gloves (worn)
 n - an orb of energy
 s - a +1 helmet of intelligence
 w - a +2 chain mail of fire resistance
 D - a scarf of repulsion
 F - a scarf of shadows
 G - a +2 ring mail of cold resistance
 H - a +0 troll leather armour
 I - a +2 ring mail of positive energy
 U - the +10 plate armour of the Northern Lights (worn) {+Blink Fly Stlth+}
   (You found it on level 5 of the Pits of Slime)

   Fly:       It grants you flight.
   +Blink:    It lets you blink.
   Stlth:     It makes you more stealthy.
Magical Staves
 y - a staff of conjuration
 R - a staff of earth
Jewellery
 l - a ring of willpower
 x - a ring of protection from fire
 C - the ring of Namets (right hand) {Fire rPois MP+9 Dex-2 Slay+3}
   (You found it on level 1 of the Lair of Beasts)

   [ring of fire]

   It enhances your fire magic.
   Dex:       It affects your dexterity (-2).
   Slay:      It affects your accuracy & damage with ranged weapons and melee
   (+3).
   rF:        It protects you from fire.
   rC:        It makes you vulnerable to cold.
   rPois:     It protects you from poison.
   MP:        It affects your magic capacity (+9).
 E - an amulet of guardian spirit (around neck)
 V - the ring "Hussekur" (left hand) {Fly rF++ Will- Str+6 Stlth+}
   (You found it on level 4 of the Lair of Beasts)

   [ring of strength]

   Str:       It affects your strength (+6).
   rF:        It greatly protects you from fire.
   Fly:       It grants you flight.
   Will:      It decreases your willpower.
   Stlth:     It makes you more stealthy.
Wands
 g - a wand of flame (16)
 o - a wand of light (5)
 t - a wand of digging (11)
 N - a wand of roots (22)
 P - a wand of mindburst (10)
 Z - a wand of charming (7)
Scrolls
 k - 4 scrolls of magic mapping
 p - 11 scrolls of teleportation
 B - 3 scrolls of immolation
 K - a scroll of identify
 Y - a scroll of amnesia
Potions
 b - a potion of magic
 c - a potion of invisibility
 i - a potion of attraction {unknown}
 j - 3 potions of mutation
 q - 6 potions of berserk rage
 z - 2 potions of might {unknown}
 J - 4 potions of haste
 M - 5 potions of flight
 O - 5 potions of curing
 Q - 4 potions of heal wounds
 T - 2 potions of brilliance
 X - a potion of cancellation {unknown}
Miscellaneous
 a - a lightning rod (4/4)
 L - a tin of tremorstones (2/2)
 W - a condenser vane


   Skills:
 + Level 12.6 Fighting
 + Level 12.6 Short Blades
 + Level 12.6 Long Blades
 + Level 12.6 Axes
 + Level 12.6 Maces & Flails
 + Level 12.6 Polearms
 + Level 12.6 Staves
 + Level 12.6 Ranged Weapons
 + Level 12.6 Throwing
 + Level 12.6 Armour
 + Level 13.4 Dodging
 + Level 13.2 Stealth
 + Level 12.6 Shields
 + Level 12.6 Unarmed Combat
 + Level 13.5 Spellcasting
 + Level 12.7 Conjurations
 + Level 10.7 Hexes
 + Level 10.7 Summonings
 + Level 10.7 Necromancy
 + Level 10.7 Translocations
 + Level 10.7 Transmutations
 + Level 10.7 Fire Magic
 + Level 10.7 Ice Magic
 + Level 10.7 Air Magic
 + Level 10.7 Earth Magic
 + Level 10.7 Poison Magic
 + Level 13.7 Invocations
 + Level 12.6 Evocations


You had 23 spell levels left.
You knew the following spells:

 Your Spells              Type           Power      Damage    Failure   Level
a - Magic Dart            Conj           100%       1d8       1%          1
b - Searing Ray           Conj           100%       2d8       1%          2
c - Call Imp              Summ           50%        N/A       1%          2
d - Mephitic Cloud        Conj/Pois/Air  52%        N/A       2%          3
e - Fulminant Prism       Conj/Hex       26%        3d14      6%          4
f - Iskenderun's Mystic   Conj/Tloc      53%        2d11      6%          4
g - Summon Ice Beast      Ice/Summ       50%        N/A       10%         4
h - Foxfire               Conj/Fire      100%       2x1d9     1%          1

Your spell library contained the following spells:

 Spells                   Type           Power      Damage    Failure   Level
 Freeze                   Ice            100%       1d11      1%          1
 Shock                    Conj/Air       100%       1d9       1%          1
 Scorch                   Fire           100%       2d10      1%          2
 Conjure Flame            Conj/Fire      69%        6-21      1%          3
 Dazzling Flash           Conj/Hex       100%       N/A       1%          3
 Frozen Ramparts          Ice            100%       1d16      2%          3
 Gell's Gravitas          Tloc           50%        N/A       2%          3
 Ignite Poison            Fire/Tmut/Pois 66%        N/A       2%          3
 Inner Flame              Hex/Fire       66%        N/A       2%          3
 Swiftness                Air            50%        N/A       2%          3
 Teleport Other           Tloc           50%        N/A       2%          3
 Flame Wave               Conj/Fire      69%        2d16      6%          4
 Hailstorm                Conj/Ice       53%        3d12      6%          4
 Airstrike                Air            25%        2d(4-20)  10%         4
 Anguish                  Hex/Necr       25%        N/A       10%         4
 Animate Armour           Summ/Erth      100%       N/A       10%         4
 Summon Lightning Spire   Summ/Air       50%        N/A       10%         4
 Freezing Cloud           Conj/Ice/Air   26%        6-21      21%         5
 Agony                    Necr           50%        N/A       26%         5
 Blade Hands              Tmut           25%        N/A       26%         5
 Silence                  Hex/Air        25%        N/A       26%         5
 Summon Mana Viper        Hex/Summ       50%        N/A       26%         5
 Iron Shot                Conj/Erth      26%        9d6       67%         6
 Dispersal                Tloc           25%        N/A       82%         6
 Summon Cactus Giant      Summ           25%        N/A       82%         6
 Enfeeble                 Hex            25%        N/A       100%        7
 Monstrous Menagerie      Summ           25%        N/A       100%        7
 Storm Form               Tmut/Air       25%        N/A       100%        7
 Maxwell's Capacitive Co  Air            25%        ∞         100%        8


Dungeon Overview and Level Annotations

Branches:
Dungeon (15/15)            Temple (0/1) D:7            Lair (5/5) D:8
  Swamp (0/4) Lair:2       Spider (0/4) Lair:3        Slime (5/5) Lair:4
    Orc (2/2) D:11            Elf (1/3) Orc:2        Vaults (0/5) D:13
 Depths (0/4) D:15          Sewer (visited)          Bailey (visited)
Volcano (visited)

Altars:
Elyvilon
Kikubaaqudgha
Okawaru
Qazlal
Sif Muna
Trog
Uskayaw
Wu Jian
Yredelemnul
Zin
The Shining One
Jiyva

Shops:
D:4 [[!=   D:5 (   D:7 ((   D:13 *   Orc:2 ?([?

Portals:
Trove: D:10 (give 7 scrolls of fear)

Annotations:
D:6 2 transporters, Destinykillz's ghost, novice HOFi
Slime:5 Royal Jelly


Innate Abilities, Weirdness & Mutations

You have very sharp teeth.
Your uncanny sense of smell can sniff out nearby items.
Your experience applies equally to all skills.
You have a pair of small antennae on your head.
You have razor-sharp toenails.
You are completely covered in large bone plates. (SH +8)
Your flesh is cold resistant. (rC+)
Your natural rate of healing is unusually fast.
You occasionally shout uncontrollably at your foes.
Your muscles are very strong. (Str +8, Int/Dex -2)
Your rubbery body absorbs attacks. (AC +1, EV +1)
You have a small jelly attached to you that senses nearby items.
You occasionally lose the ability to drink potions when taking damage.


Message History

You whack the hell knight!
The hell knight looks as sick as possible!
The hell knight is heavily wounded.
The wall melts the hell knight simulacrum!
You hit the hell knight.
The hell knight looks as sick as possible!
Your kick misses the hell knight.
The hell knight is heavily wounded.
You feel yourself speed up.
The walls burn the hell knight!
The hell knight hits you with a +4 vorpal halberd!!
* * * LOW HITPOINT WARNING * * *
x2 The walls burn something!
Something barely misses you.
You whack the hell knight!
The hell knight looks as sick as possible!
You claw the hell knight, but do no damage.
The hell knight is severely wounded.
The walls melt the hell knight simulacrum!
Okay, then.
You barely miss the hell knight.
You claw the hell knight, but do no damage.
You bite the hell knight, but do no damage.
The hell knight is severely wounded.
The walls burn the hell knight!
You block the hell knight's attack.
You barely miss the hell knight.
You claw the hell knight, but do no damage.
The hell knight is almost dead.
The walls burn something!
Something hits you!
* * * LOW HITPOINT WARNING * * *
You feel your power leaking away.
The walls melt the hell knight simulacrum!
You barely miss the hell knight.
You claw the hell knight, but do no damage.
The hell knight is almost dead.
The walls burn the hell knight!
You block the hell knight's attack.
You hit the hell knight.
You kill the hell knight!
A green death comes into view.
The walls burn something!
Something hits you!!
You die...

. .# ..#. ## .#
.. #.## # ....
.#.§§.. #.. ## .
.. § .. ..# .
...# #
.2..##.####..#..#
.#
#....)@{Z)....# #
...#.#.#)#..#...#
. .# ###....# .#
. . ..§..# . #. .
.. .#.. .#....
.#. . .. .
..###.## . . #
#+.... ..# . . #
. # #.. #..# . #
.§. . .


You could see a green death (wandering) and a hell knight simulacrum.

Vanquished Creatures
  An ancient lich (Abyss:4)
  A profane servitor (Abyss:3)
  2 bone dragons
  A tentacled monstrosity (Abyss:3)
  Rupert (Lair:5)
  A lich (Abyss:3)
  A thorn hunter (Abyss:3)
  9 tentacled starspawn
  An orc warlord (Orc:2)
  A cacodemon (Abyss:3)
  A draconian shifter (Abyss:3)
  10 very ugly things (Abyss:3)
  A lorocyproca (Abyss:3)
  A deep elf annihilator (Elf:1)
  2 blizzard demons (Abyss:3)
  A fire dragon (Lair:5)
  Josephine (D:14)
  The ghost of Taitrol the Grappler, a journeyman TrFi of Zin (Lair:1)
  5 rakshasas
  5 hydras
  Erolcha (D:13)
  10 boulder beetles
  3 catoblepae
  An ogre mage (Volcano)
  3 centaur warriors
  7 two-headed ogres
  A death knight (D:14)
  3 tengu warriors
  2 death yaks (D:8)
  12 thrashing horrors
  4 hell knights
  Urug (D:12)
  5 orc high priests (Orc:2)
  An iron troll (D:13)
  3 sixfirhies (Abyss:3)
  A skeletal warrior (D:14)
  8 wretched stars
  A spatial maelstrom (Abyss:4)
  A flayed ghost (Abyss:3)
  3 swamp dragons
  4 wizards
  Pikel (D:5)
  3 necromancers
  5 orc knights (Orc:2)
  3 wolf spiders
  4 deep elf zephyrmancers (Elf:1)
  30 ugly things
  6 deep elf pyromancers
  3 worldbinders (Abyss:3)
  5 orc sorcerers
  4 manticores
  A moth of wrath (Lair:4)
  6 cyclopes
  A salamander (shapeshifter) (Elf:1)
  12 black mambas
  9 elephants
  2 guardian serpents
  2 apocalypse crabs
  10 smoke demons
  2 molten gargoyles (Volcano)
  14 cane toads
  A rust devil (Abyss:4)
  2 gargoyles
  5 efreet
  A kobold demonologist (D:11)
  6 komodo dragons
  A hellion (Abyss:3)
  5 rime drakes
  An unseen horror (shapeshifter) (D:15)
  3 freezing wraiths (D:14)
  4 hellwings (Abyss:3)
  A yaktaur (D:14)
  A demonic crawler (Abyss:3)
  4 ancient zymes (Abyss:3)
  2 tengu conjurers
  2 guardian mummies (D:10)
  A red devil (Abyss:2)
  6 trolls
  3 meliai (D:15)
  3 hornets
  Prince Ribbit (D:7)
  2 polar bears (D:11)
  10 blink frogs
  A harpy skeleton (Abyss:3)
  Grinder (D:3)
  5 dream sheep (Lair:3)
  9 raiju
  A jumping spider (shapeshifter) (Abyss:3)
  A centaur simulacrum (D:14)
  Sigmund (D:3)
  2 shadows (D:11)
  2 jumping spiders (Lair:3)
  2 vampires
  2 culicivoras (Lair:3)
  18 wraiths
  6 ynoxinuls (Abyss:3)
  11 wyverns
  4 fire bats
  34 yaks
  3 neqoxecs (Abyss:3)
  4 vampire mosquitoes
  2 redbacks
  2 wargs
  Edmund (D:5)
  4 basilisks
  7 chaos spawn
  Menkaure (D:5)
  2 steam dragons
  9 acid dragons
  A swamp worm (Lair:4)
  14 large abominations
  16 small abominations
  A swamp drake (Lair:5)
  A meliai simulacrum (D:11)
  26 water moccasins
  Duvessa (D:5)
  An ice beast (D:6)
  A sky beast (D:7)
  24 orc warriors
  2 ogres
  9 wolves
  12 centaurs
  An ogre (shapeshifter) (Abyss:3)
  4 kobold brigands
  A lemure (D:5)
  A gnoll sergeant (D:9)
  2 necrophages
  7 bullfrogs
  4 scorpions
  Dowan (D:5)
  A killer bee (D:11)
  A rime drake simulacrum (Lair:1)
  2 howler monkeys
  An electric eel (D:10)
  A crimson imp (Abyss:3)
  A torpor snail simulacrum (Lair:1)
  7 lava snakes
  9 starcursed masses (Abyss:3)
  2 hounds
  2 jellies (D:8)
  3 water moccasin simulacra (Lair:1)
  A komodo dragon simulacrum (Lair:1)
  3 quasits
  9 orc priests
  2 iron imps
  5 iguanas
  A merfolk siren (Sewer)
  13 orc wizards
  A merfolk avatar (Sewer)
  A wolf simulacrum (Lair:1)
  A hound zombie (D:4)
  A boggart simulacrum (D:11)
  4 gnolls
  3 river rats
  14 adders
  5 white imps
  An adder zombie (D:4)
  3 worms
  4 dart slugs
  51 orcs
  2 giant cockroaches (Sewer)
  7 goblins
  8 hobgoblins
  4 jackals
  6 quokkas
  5 ball pythons
  4 bats
  9 frilled lizards
  26 kobolds
  24 rats
  A lurking horror (Abyss:4)
  2 starspawn tentacles (Abyss:4)
826 creatures vanquished.

Vanquished Creatures (collateral kills)
  A flayed ghost (Abyss:3)
  An orc knight (Bailey)
  A smoke demon (Abyss:3)
  3 komodo dragons
  A culicivora (Lair:3)
  3 yaks
  A redback (Lair:3)
  A neqoxec (Abyss:3)
  A water moccasin (Lair:1)
  5 orc warriors (Bailey)
  A bullfrog (Lair:1)
  A hound (D:6)
  5 orcs
  2 goblins
  5 kobolds
32 creatures vanquished.

Vanquished Creatures (others)
  An acid blob (Abyss:3)
  A very ugly thing (D:15)
  A great orb of eyes (Abyss:4)
  2 centaur warriors (D:13)
  5 death yaks
  A glowing orange brain (D:15)
  A death drake (shapeshifter) (D:15)
  An eye of devastation (Abyss:3)
  A cane toad (Lair:5)
  A tengu conjurer (D:15)
  An ancient zyme (Abyss:3)
  9 slime creatures
  A jumping spider (Lair:3)
  A starcursed mass (Abyss:3)
  A basilisk (Lair:4)
  2 large abominations (Abyss:3)
  6 golden eyes (Abyss:3)
  2 small abominations
  4 vampire mosquitoes (D:13)
  A swamp worm (Lair:4)
  A water moccasin (Lair:5)
  An orc warrior (Orc:2)
  An ice beast (Abyss:3)
  An ogre (shapeshifter) (Abyss:3)
  5 centaurs (D:6)
  A kobold brigand (D:7)
  3 bullfrogs
  2 scorpions (D:6)
  4 killer bees (D:11)
  92 jellies
  5 orc priests
  An iron imp (Abyss:3)
  7 orc wizards
  An iguana (Lair:5)
  2 adders
  2 river rats (D:8)
  A white imp (D:11)
  An ufetubus (D:4)
  19 orcs
  A giant cockroach (Sewer)
  4 goblins
  A hobgoblin (D:3)
  4 quokkas
  3 training dummies (D:7)
  2 ball pythons
  A bat (D:1)
  A frilled lizard (D:1)
  2 kobolds (D:2)
  3 rats
  A bush (Lair:4)
  A fire vortex (D:15)
  242 foxfires
  56 fulminant prisms
  101 fungi
  174 plants
  25 starspawn tentacles
  5 withered plants (D:3)
820 creatures vanquished.

Grand Total: 1678 creatures vanquished

Notes
Turn   | Place    | Note
-------+----------+-------------------------------------------
     0 | D:1      | javelincjr the Gnoll Conjurer began the quest for the Orb.
     0 | D:1      | Reached XP level 1. HP: 13/13 MP: 6/6
   242 | D:1      | Reached XP level 2. HP: 12/19 MP: 0/7
   523 | D:1      | Found a faded altar of an unknown god.
   532 | D:1      | Prayed at the altar of an unknown god.
   532 | D:1      | Became a worshipper of Jiyva Jukeyrgh the Shapeless
   532 | D:1      | Reached * piety under Jiyva
   923 | D:2      | Reached skill level 5 in Spellcasting
   923 | D:2      | Reached XP level 3. HP: 25/25 MP: 3/9
   994 | D:2      | Reached ** piety under Jiyva
  1066 | D:2      | Reached skill level 1 in Invocations
  1368 | D:3      | Noticed Grinder
  1373 | D:3      | Learned a level 2 spell: Searing Ray
  1386 | D:3      | Killed Grinder
  1387 | D:3      | Reached skill level 1 in Fighting
  1387 | D:3      | Reached skill level 1 in Short Blades
  1387 | D:3      | Reached skill level 1 in Long Blades
  1387 | D:3      | Reached skill level 1 in Axes
  1387 | D:3      | Reached skill level 1 in Maces & Flails
  1387 | D:3      | Reached skill level 1 in Polearms
  1387 | D:3      | Reached skill level 1 in Staves
  1387 | D:3      | Reached skill level 1 in Ranged Weapons
  1387 | D:3      | Reached skill level 1 in Throwing
  1387 | D:3      | Reached skill level 1 in Armour
  1387 | D:3      | Reached skill level 1 in Shields
  1387 | D:3      | Reached skill level 1 in Unarmed Combat
  1387 | D:3      | Reached skill level 1 in Hexes
  1387 | D:3      | Reached skill level 1 in Summonings
  1387 | D:3      | Reached skill level 1 in Necromancy
  1387 | D:3      | Reached skill level 1 in Translocations
  1387 | D:3      | Reached skill level 1 in Transmutations
  1387 | D:3      | Reached skill level 1 in Fire Magic
  1387 | D:3      | Reached skill level 1 in Ice Magic
  1387 | D:3      | Reached skill level 1 in Air Magic
  1387 | D:3      | Reached skill level 1 in Earth Magic
  1387 | D:3      | Reached skill level 1 in Poison Magic
  1387 | D:3      | Reached skill level 1 in Evocations
  1387 | D:3      | Reached XP level 4. HP: 29/33 MP: 0/11
  1387 | D:3      | Reached XP level 5. HP: 33/38 MP: 0/12
  1431 | D:3      | Noticed Sigmund
  1440 | D:3      | Killed Sigmund
  1441 | D:3      | Reached skill level 5 in Dodging
  1441 | D:3      | Reached XP level 6. HP: 30/44 MP: 7/14
  1604 | D:3      | Found an ancient bone altar of Kikubaaqudgha.
  1637 | D:3      | Found a glowing drain.
  1661 | Sewer    | Entered a sewer
  1784 | Sewer    | Reached XP level 7. HP: 51/51 MP: 9/15
  1824 | Sewer    | Reached *** piety under Jiyva
  2125 | D:3      | Gained mutation: You have a pair of small antennae on your
                  | head. [Jiyva's grace]
  2125 | D:3      | Gained mutation: You have a pair of antennae on your head.
                  | [Jiyva's grace]
  2125 | D:3      | Gained mutation: You have a pair of large antennae on your
                  | head. (SInv) [Jiyva's grace]
  2125 | D:3      | Gained mutation: Your body has grown eyes which may confuse
                  | attackers. (Acc +3) [Jiyva's grace]
  2377 | D:4      | Found Baulel's Armour Emporium.
  2378 | D:4      | You fall into a shaft and drop 2 floors!
  2390 | D:5      | Entered Level 5 of the Dungeon
  2391 | D:5      | Noticed Pikel
  2399 | D:6      | Learned a level 2 spell: Call Imp
  2403 | D:6      | Learned a level 3 spell: Mephitic Cloud
  2403 | D:6      | Noticed a vampire
  2403 | D:6      | Noticed a two-headed ogre
  2422 | D:6      | Reached skill level 5 in Stealth
  2437 | D:6      | Reached XP level 8. HP: 49/58 MP: 6/16
  2602 | D:6      | Reached **** piety under Jiyva
  2623 | D:6      | Noticed a troll
  2655 | D:6      | Killed a troll
  2720 | D:6      | Found a transporter.
  2725 | D:6      | Noticed Destinykillz's ghost (novice HOFi)
  2729 | D:6      | Found a transporter.
  3364 | D:5      | Noticed Duvessa
  3364 | D:5      | Found Xiextyosu's Antique Weapon Shoppe.
  3379 | D:5      | Killed Duvessa
  3380 | D:5      | Reached XP level 9. HP: 24/65 MP: 9/18
  3404 | D:5      | Noticed Dowan
  3416 | D:5      | Killed Dowan
  3552 | D:5      | Noticed Menkaure
  3558 | D:5      | Killed Menkaure
  3589 | D:5      | Killed Pikel
  3672 | D:5      | Noticed Edmund
  3688 | D:5      | Killed Edmund
  3689 | D:5      | Reached skill level 5 in Invocations
  3792 | D:5      | Found an ornate altar of the Wu Jian Council.
  3954 | D:5      | Reached ***** piety under Jiyva
  4132 | D:4      | Found a basalt altar of Yredelemnul.
  4179 | D:4      | Found Woyzivau's Distillery.
  4212 | D:4      | Gained mutation: You have an increased reservoir of magic.
                  | (+10% MP) [Jiyva's grace]
  4212 | D:4      | Gained mutation: You have a considerably increased
                  | reservoir of magic. (+20% MP) [Jiyva's grace]
  4212 | D:4      | Gained mutation: You have a greatly increased reservoir of
                  | magic. (+30% MP) [Jiyva's grace]
  4212 | D:4      | Gained mutation: Your translucent skin slightly reduces
                  | your foes' accuracy. (Stealth+) [Jiyva's grace]
  4294 | D:4      | Found Axafah's Antique Armour Shoppe.
  4444 | D:4      | Found Ofrun's Jewellery Emporium.
  4982 | D:7      | Found a staircase to the Ecumenical Temple.
  5001 | D:6      | Lost mutation: Your translucent skin slightly reduces your
                  | foes' accuracy. (Stealth+) [potion of mutation]
  5001 | D:6      | Lost mutation: You have a pair of large antennae on your
                  | head. (SInv) [potion of mutation]
  5001 | D:6      | Lost mutation: Your body has grown eyes which may confuse
                  | attackers. (Acc +3) [potion of mutation]
  5001 | D:6      | Gained mutation: Your body sometimes deteriorates upon
                  | taking damage. [potion of mutation]
  5001 | D:6      | Gained mutation: Your body often deteriorates upon taking
                  | damage. [potion of mutation]
  5001 | D:6      | Gained mutation: Your mind is acute. (Int +4, Str/Dex -1)
                  | [potion of mutation]
  5150 | D:7      | Found a flagged portal.
  5173 | Bailey   | Entered a bailey
  5182 | Bailey   | Noticed an orc knight
  5279 | Bailey   | Killed an orc knight
  5280 | Bailey   | Reached skill level 5 in Fighting
  5280 | Bailey   | Reached skill level 5 in Short Blades
  5280 | Bailey   | Reached skill level 5 in Long Blades
  5280 | Bailey   | Reached skill level 5 in Axes
  5280 | Bailey   | Reached skill level 5 in Maces & Flails
  5280 | Bailey   | Reached skill level 5 in Polearms
  5280 | Bailey   | Reached skill level 5 in Staves
  5280 | Bailey   | Reached skill level 5 in Ranged Weapons
  5280 | Bailey   | Reached skill level 5 in Throwing
  5280 | Bailey   | Reached skill level 5 in Armour
  5280 | Bailey   | Reached skill level 5 in Shields
  5280 | Bailey   | Reached skill level 5 in Unarmed Combat
  5280 | Bailey   | Reached skill level 5 in Evocations
  5280 | Bailey   | Reached XP level 10. HP: 25/74 MP: 18/27
  5528 | D:7      | Found Atunyfreo's Weapon Emporium.
  5544 | D:7      | Reached ****** piety under Jiyva
  5576 | D:7      | Found a stormy altar of Qazlal.
  5589 | D:7      | Learned a level 4 spell: Fulminant Prism
  5594 | D:7      | Learned a level 4 spell: Iskenderun's Mystic Blast
  5656 | D:7      | Found Wuboebes's Firing Range.
  5716 | D:7      | Noticed Prince Ribbit
  5726 | D:7      | Killed Prince Ribbit
  5930 | D:8      | Lost mutation: You have a pair of antennae on your head.
                  | [Jiyva's grace]
  5930 | D:8      | Lost mutation: Your body often deteriorates upon taking
                  | damage. [Jiyva's grace]
  5930 | D:8      | Lost mutation: You have a greatly increased reservoir of
                  | magic. (+30% MP) [Jiyva's grace]
  5930 | D:8      | Gained mutation: Your system is resistant to poisons.
                  | (rPois) [Jiyva's grace]
  5930 | D:8      | Gained mutation: You have hidden genetic potential.
                  | [Jiyva's grace]
  5930 | D:8      | Gained mutation: You have great hidden genetic potential.
                  | [Jiyva's grace]
  5930 | D:8      | Gained mutation: Your muscles are strong. (Str +4, Int/Dex
                  | -1) [Jiyva's grace]
  6122 | D:8      | Found a bloodstained altar of Trog.
  6488 | D:8      | Found a staircase to the Lair.
  6491 | D:8      | Noticed a death yak
  6492 | D:8      | Noticed a death yak
  6495 | D:8      | Noticed a death yak
  6495 | D:8      | Was placed under penance by Jiyva
  6785 | D:7      | Killed a death yak
  7028 | D:8      | Killed a death yak
  7309 | D:8      | Was forgiven by Jiyva
  7394 | Lair:1   | Entered Level 1 of the Lair of Beasts
  7412 | Lair:1   | Learned a level 4 spell: Summon Ice Beast
  7513 | Lair:1   | Reached skill level 5 in Hexes
  7513 | Lair:1   | Reached skill level 5 in Summonings
  7513 | Lair:1   | Reached skill level 5 in Necromancy
  7513 | Lair:1   | Reached skill level 5 in Translocations
  7513 | Lair:1   | Reached skill level 5 in Transmutations
  7513 | Lair:1   | Reached skill level 5 in Fire Magic
  7513 | Lair:1   | Reached skill level 5 in Ice Magic
  7513 | Lair:1   | Reached skill level 5 in Air Magic
  7513 | Lair:1   | Reached skill level 5 in Earth Magic
  7513 | Lair:1   | Reached skill level 5 in Poison Magic
  7518 | Lair:1   | Reached XP level 11. HP: 81/81 MP: 4/27
  7713 | Lair:1   | Lost mutation: Your mind is acute. (Int +4, Str/Dex -1)
                  | [Jiyva's grace]
  7713 | Lair:1   | Lost mutation: Your body sometimes deteriorates upon taking
                  | damage. [Jiyva's grace]
  7713 | Lair:1   | Lost mutation: Your muscles are strong. (Str +4, Int/Dex
                  | -1) [Jiyva's grace]
  7713 | Lair:1   | Gained mutation: You have acidic saliva. [Jiyva's grace]
  7713 | Lair:1   | Gained mutation: You expend magic power (3 MP) to
                  | strengthen your wands. [Jiyva's grace]
  7713 | Lair:1   | Gained mutation: Your flesh is heat resistant. (rF+)
                  | [Jiyva's grace]
  7713 | Lair:1   | Gained mutation: Your flesh is very heat resistant. (rF++)
                  | [Jiyva's grace]
  7743 | Lair:1   | Gained mutation: You are resistant to electric shocks.
                  | (rElec) [hidden potential]
  7824 | Lair:1   | Found a shimmering blue altar of Sif Muna.
  8042 | Lair:1   | Found a runed translucent gate.
  8043 | Lair:1   | Found a runed translucent gate.
  8044 | Lair:1   | Found a runed translucent gate.
  8084 | Lair:1   | Noticed Taitrol's ghost (journeyman TrFi)
  8382 | Lair:2   | Found a staircase to the Swamp.
  8457 | Lair:3   | Noticed a catoblepas
  9415 | Lair:3   | Reached XP level 12. HP: 91/91 MP: 19/29
  9465 | Lair:3   | Killed a catoblepas
  9624 | Lair:3   | Found a hole to the Spider Nest.
  9647 | Lair:3   | Gained mutation: Your natural rate of healing is unusually
                  | fast. [hidden potential]
  9647 | Lair:3   | Lost mutation: You have great hidden genetic potential.
                  | [hidden potential expressed]
 10080 | Lair:3   | Lost mutation: You have a pair of small antennae on your
                  | head. [Jiyva's grace]
 10080 | Lair:3   | Lost mutation: Your flesh is very heat resistant. (rF++)
                  | [Jiyva's grace]
 10080 | Lair:3   | Lost mutation: You have a considerably increased reservoir
                  | of magic. (+20% MP) [Jiyva's grace]
 10080 | Lair:3   | Lost mutation: Your system is resistant to poisons. (rPois)
                  | [Jiyva's grace]
 10080 | Lair:3   | Gained mutation: You have great hidden genetic potential.
                  | [Jiyva's grace]
 10080 | Lair:3   | Gained mutation: Your melee attacks may engulf your foes in
                  | ooze. [Jiyva's grace]
 10080 | Lair:3   | Gained mutation: Your rubbery body absorbs attacks. (AC +1,
                  | EV +1) [Jiyva's grace]
 10080 | Lair:3   | Gained mutation: Your pliable body absorbs attacks. (AC +2,
                  | EV +2) [Jiyva's grace]
 10143 | Lair:3   | Found the +8 whip "Snakebite" {venom, curare, rPois}
 10330 | Lair:4   | Found a runed translucent door.
 10330 | Lair:4   | Found a viscous altar of Jiyva.
 10330 | Lair:4   | Noticed an azure jelly
 10332 | Lair:4   | Noticed an azure jelly
 10333 | Lair:4   | Found a staircase to the Slime Pits.
 10364 | Slime:1  | Entered Level 1 of the Pits of Slime
 10366 | Slime:1  | Noticed a great orb of eyes
 10375 | Slime:1  | Noticed a rockslime
 10397 | Slime:1  | Noticed an acid blob
 10531 | Slime:2  | Noticed a rockslime
 10531 | Slime:2  | Noticed an azure jelly
 10533 | Slime:2  | Noticed an acid blob
 10533 | Slime:2  | Noticed a rockslime
 10534 | Slime:2  | Noticed an acid blob
 10536 | Slime:2  | Noticed a great orb of eyes
 10543 | Slime:3  | Noticed an acid blob
 10554 | Slime:4  | Noticed a quicksilver ooze
 10630 | Slime:5  | Entered Level 5 of the Pits of Slime
 10665 | Slime:5  | Noticed an acid blob
 10695 | Slime:5  | Noticed an azure jelly
 10707 | Slime:5  | Noticed an azure jelly
 10757 | Slime:5  | Noticed a rockslime
 10774 | Slime:5  | Noticed an azure jelly
 10775 | Slime:5  | Noticed a great orb of eyes
 10809 | Slime:5  | Noticed an acid blob
 10810 | Slime:5  | Noticed an acid blob
 10833 | Slime:5  | Noticed an acid blob
 10834 | Slime:5  | Noticed a rockslime
 10835 | Slime:5  | Found a viscous altar of Jiyva.
 10835 | Slime:5  | Noticed an acid blob
 10842 | Slime:5  | Got a slimy rune of Zot
 10842 | Slime:5  | Noticed a quicksilver ooze
 10848 | Slime:5  | Noticed an acid blob
 10849 | Slime:5  | Noticed an acid blob
 10850 | Slime:5  | Noticed a great orb of eyes
 10852 | Slime:5  | Identified the +10 plate armour of the Northern Lights
                  | {+Blink Fly Stlth+}
 10855 | Slime:5  | Noticed an acid blob
 10882 | Slime:5  | Noticed an acid blob
 10908 | Slime:5  | Noticed the Royal Jelly
 10913 | Slime:5  | Noticed an acid blob
 10937 | Slime:5  | Noticed a great orb of eyes
 11034 | Lair:4   | Identified the ring "Hussekur" {Fly rF++ Will- Str+6
                  | Stlth+}
 11262 | Lair:4   | Noticed a boulder beetle
 11276 | Lair:4   | Killed a boulder beetle
 11365 | Lair:4   | Killed a death yak
 11367 | Lair:4   | Killed a death yak
 11370 | Lair:4   | Killed a death yak
 11372 | Lair:4   | Killed a death yak
 11779 | Lair:5   | Entered Level 5 of the Lair of Beasts
 11842 | Lair:5   | Noticed a catoblepas
 11862 | Lair:5   | Killed a catoblepas
 11886 | Lair:5   | Reached XP level 13. HP: 43/98 MP: 29/29
 11922 | Lair:5   | Reached skill level 10 in Conjurations
 11949 | Lair:5   | Gained mutation: Your mind is acute. (Int +4, Str/Dex -1)
                  | [hidden potential]
 11950 | Lair:5   | Noticed Rupert
 11950 | Lair:5   | Paralysed by Rupert for 2 turns
 11963 | Lair:5   | Killed Rupert
 11994 | Lair:5   | Found a dark tunnel.
 12026 | Volcano  | Entered a volcano
 12283 | Volcano  | Found a burning altar of Makhleb.
 12294 | Volcano  | Reached skill level 10 in Spellcasting
 12300 | Volcano  | Paralysed by an ogre mage for 3 turns
 12405 | Volcano  | Lost mutation: Your flesh is heat resistant. (rF+) [Jiyva's
                  | grace]
 12405 | Volcano  | Lost mutation: Your pliable body absorbs attacks. (AC +2,
                  | EV +2) [Jiyva's grace]
 12405 | Volcano  | Gained mutation: You have extremely sharp teeth. [Jiyva's
                  | grace]
 12405 | Volcano  | Gained mutation: You have razor-sharp teeth. [Jiyva's
                  | grace]
 12405 | Volcano  | Gained mutation: You have a pair of small antennae on your
                  | head. [Jiyva's grace]
 12405 | Volcano  | Gained mutation: You have a pair of antennae on your head.
                  | [Jiyva's grace]
 12519 | Lair:5   | Reached skill level 10 in Dodging
 12777 | Lair:5   | Reached skill level 10 in Stealth
 12938 | Lair:5   | Reached XP level 14. HP: 91/108 MP: 31/31
 12942 | Lair:5   | Reached skill level 10 in Invocations
 13025 | Lair:5   | Noticed an azure jelly
 13154 | Lair:5   | Gained mutation: You have sharp toenails. [hidden
                  | potential]
 13154 | Lair:5   | Lost mutation: You have great hidden genetic potential.
                  | [hidden potential expressed]
 13782 | Lair:1   | Killed Taitrol's ghost
 13834 | Lair:1   | Got the ring of Namets {Fire rPois MP+9 Dex-2 Slay+3}
 14265 | D:9      | Found a hide-covered altar of Uskayaw.
 14458 | D:9      | Found an iron altar of Okawaru.
 14489 | D:9      | Found a shimmering blue altar of Sif Muna.
 14500 | D:9      | Got Sif Muna's Writings on Rime
 14714 | D:10     | Entered Level 10 of the Dungeon
 14951 | D:10     | Found a portal to a secret trove of treasure.
 15012 | D:10     | Lost mutation: You have a pair of antennae on your head.
                  | [Jiyva's grace]
 15012 | D:10     | Lost mutation: You have razor-sharp teeth. [Jiyva's grace]
 15012 | D:10     | Lost mutation: You have an increased reservoir of magic.
                  | (+10% MP) [Jiyva's grace]
 15012 | D:10     | Lost mutation: You expend magic power (3 MP) to strengthen
                  | your wands. [Jiyva's grace]
 15012 | D:10     | Gained mutation: You have razor-sharp toenails. [Jiyva's
                  | grace]
 15012 | D:10     | Gained mutation: You have claws for feet. [Jiyva's grace]
 15012 | D:10     | Gained mutation: Your flesh is cold resistant. (rC+)
                  | [Jiyva's grace]
 15012 | D:10     | Gained mutation: Your flesh is very cold resistant. (rC++)
                  | [Jiyva's grace]
 15092 | D:10     | Found a glowing silver altar of Zin.
 16006 | D:11     | Found a staircase to the Orcish Mines.
 16295 | D:11     | Reached skill level 10 in Fighting
 16295 | D:11     | Reached skill level 10 in Short Blades
 16295 | D:11     | Reached skill level 10 in Long Blades
 16295 | D:11     | Reached skill level 10 in Axes
 16295 | D:11     | Reached skill level 10 in Maces & Flails
 16295 | D:11     | Reached skill level 10 in Polearms
 16295 | D:11     | Reached skill level 10 in Staves
 16295 | D:11     | Reached skill level 10 in Ranged Weapons
 16295 | D:11     | Reached skill level 10 in Throwing
 16295 | D:11     | Reached skill level 10 in Armour
 16295 | D:11     | Reached skill level 10 in Shields
 16295 | D:11     | Reached skill level 10 in Unarmed Combat
 16295 | D:11     | Reached skill level 10 in Evocations
 16728 | D:12     | Noticed Urug
 16735 | D:12     | Killed Urug
 17024 | D:12     | Lost mutation: You have extremely sharp teeth. [Jiyva's
                  | grace]
 17024 | D:12     | Lost mutation: You have claws for feet. [Jiyva's grace]
 17024 | D:12     | Lost mutation: Your flesh is very cold resistant. (rC++)
                  | [Jiyva's grace]
 17024 | D:12     | Lost mutation: You are resistant to electric shocks.
                  | (rElec) [Jiyva's grace]
 17024 | D:12     | Lost mutation: You have acidic saliva. [Jiyva's grace]
 17024 | D:12     | Lost mutation: Your melee attacks may engulf your foes in
                  | ooze. [Jiyva's grace]
 17024 | D:12     | Gained mutation: Your muscles are strong. (Str +4, Int/Dex
                  | -1) [Jiyva's grace]
 17024 | D:12     | Gained mutation: Your muscles are very strong. (Str +8,
                  | Int/Dex -2) [Jiyva's grace]
 17024 | D:12     | Gained mutation: You have a somewhat thin skeletal
                  | structure. (Dex +2, Stealth+) [Jiyva's grace]
 17024 | D:12     | Gained mutation: You have a moderately thin skeletal
                  | structure. (Dex +4, Stealth++) [Jiyva's grace]
 17155 | D:12     | Reached XP level 15. HP: 115/115 MP: 30/30
 17435 | D:13     | Found a white marble altar of Elyvilon.
 17547 | D:13     | Found Gatutaut's Assorted Antiques.
 17554 | D:13     | Bought a warped cloak for 275 gold pieces
 17554 | D:13     | Identified the +2 cloak "Cyow" {rC+ rN+ Str+3} (You bought
                  | it in a shop on level 13 of the Dungeon)
 17605 | D:13     | Noticed Erolcha
 17667 | D:13     | Killed Erolcha
 17668 | D:13     | Gained mutation: You have supernaturally acute eyesight.
                  | (SInv) [hidden potential]
 17732 | D:13     | Found a gate to the Vaults.
 18191 | D:14     | Noticed Josephine
 18214 | D:14     | Killed Josephine
 18337 | Abyss:2  | Cast into level 2 of the Abyss (a wizard)
 18356 | Abyss:2  | Found a corrupted altar of Lugonu.
 18408 | Abyss:2  | Found a corrupted altar of Lugonu.
 18411 | Abyss:2  | Learned a level 1 spell: Foxfire
 18467 | Abyss:2  | Noticed a bone dragon
 18526 | Abyss:2  | Killed a bone dragon
 18747 | Abyss:3  | Lost mutation: You have razor-sharp toenails. [Jiyva's
                  | grace]
 18747 | Abyss:3  | Lost mutation: You have a moderately thin skeletal
                  | structure. (Dex +4, Stealth++) [Jiyva's grace]
 18747 | Abyss:3  | Lost mutation: You have supernaturally acute eyesight.
                  | (SInv) [Jiyva's grace]
 18747 | Abyss:3  | Lost mutation: Your mind is acute. (Int +4, Str/Dex -1)
                  | [Jiyva's grace]
 18747 | Abyss:3  | Gained mutation: You have a pair of antennae on your head.
                  | [Jiyva's grace]
 18747 | Abyss:3  | Gained mutation: You have a pair of large antennae on your
                  | head. (SInv) [Jiyva's grace]
 18747 | Abyss:3  | Gained mutation: You are resistant to electric shocks.
                  | (rElec) [Jiyva's grace]
 18747 | Abyss:3  | Gained mutation: Your pliable body absorbs attacks. (AC +2,
                  | EV +2) [Jiyva's grace]
 18802 | Abyss:3  | Noticed a tentacled starspawn
 18817 | Abyss:3  | Killed a tentacled starspawn
 18836 | Abyss:3  | Found a corrupted altar of Lugonu.
 18973 | Abyss:3  | Noticed a tentacled starspawn
 18990 | Abyss:3  | Killed a tentacled starspawn
 18994 | Abyss:3  | Noticed a purple draconian shifter
 19033 | Abyss:3  | Killed a purple draconian shifter
 19137 | Abyss:3  | Noticed a cacodemon
 19139 | Abyss:3  | Found a corrupted altar of Lugonu.
 19149 | Abyss:3  | Gained mutation: You occasionally shout uncontrollably at
                  | your foes. [a cacodemon]
 19155 | Abyss:3  | Gained mutation: You are clumsy. (Dex -2) [a cacodemon]
 19155 | Abyss:3  | Gained mutation: You occasionally lose the ability to drink
                  | potions when taking damage. [a cacodemon]
 19159 | Abyss:3  | Killed a cacodemon
 19160 | Abyss:3  | Reached XP level 16. HP: 91/124 MP: 26/32
 19275 | Abyss:3  | Gained mutation: You have razor-sharp toenails. [hidden
                  | potential]
 19275 | Abyss:3  | Lost mutation: You have hidden genetic potential. [hidden
                  | potential expressed]
 19397 | Abyss:3  | Noticed a tentacled starspawn
 19397 | Abyss:3  | Noticed a tentacled starspawn
 19413 | Abyss:3  | Noticed a tentacled starspawn
 19418 | Abyss:3  | Killed a tentacled starspawn
 19424 | Abyss:3  | Noticed a bone dragon
 19444 | Abyss:3  | Killed a tentacled starspawn
 19475 | Abyss:3  | Killed a bone dragon
 19480 | Abyss:3  | Killed a tentacled starspawn
 19613 | Abyss:3  | Noticed a tentacled starspawn
 19631 | Abyss:3  | Killed a tentacled starspawn
 19637 | Abyss:3  | Paralysed by accursed screaming for 1 turns
 19642 | Abyss:3  | Paralysed by accursed screaming for 2 turns
 19645 | Abyss:3  | Found a corrupted altar of Lugonu.
 19794 | Abyss:3  | Noticed a lich
 19820 | Abyss:3  | Killed a lich
 19854 | Abyss:3  | Noticed a tentacled starspawn
 19862 | Abyss:3  | Killed a tentacled starspawn
 19869 | Abyss:3  | Noticed a thorn hunter
 19877 | Abyss:3  | Noticed a profane servitor
 19887 | Abyss:3  | Noticed a bone dragon
 19902 | Abyss:3  | Killed a thorn hunter
 19903 | Abyss:3  | Killed a profane servitor
 19937 | Abyss:3  | Slimified a bone dragon
 19937 | Abyss:3  | Noticed an acid blob
 19937 | Abyss:3  | a bone dragon changed into an acid blob
 20137 | Abyss:3  | Killed an acid blob
 20141 | Abyss:3  | Paralysed by accursed screaming for 1 turns
 20194 | Abyss:3  | Reached XP level 17. HP: 133/133 MP: 33/33
 20232 | Abyss:3  | Noticed a tentacled monstrosity
 20257 | Abyss:3  | Noticed a tentacled starspawn
 20273 | Abyss:3  | Killed a tentacled starspawn
 20278 | Abyss:3  | Killed a tentacled monstrosity
 20279 | Abyss:3  | Reached skill level 10 in Hexes
 20279 | Abyss:3  | Reached skill level 10 in Summonings
 20279 | Abyss:3  | Reached skill level 10 in Necromancy
 20279 | Abyss:3  | Reached skill level 10 in Translocations
 20279 | Abyss:3  | Reached skill level 10 in Transmutations
 20279 | Abyss:3  | Reached skill level 10 in Fire Magic
 20279 | Abyss:3  | Reached skill level 10 in Ice Magic
 20279 | Abyss:3  | Reached skill level 10 in Air Magic
 20279 | Abyss:3  | Reached skill level 10 in Earth Magic
 20279 | Abyss:3  | Reached skill level 10 in Poison Magic
 20318 | Abyss:3  | Noticed a tentacled starspawn
 20321 | Abyss:4  | Noticed an ancient lich
 20339 | Abyss:4  | Noticed a tentacled starspawn
 20349 | Abyss:4  | Killed a tentacled starspawn
 20361 | Abyss:4  | Killed an ancient lich
 20375 | D:14     | Escaped the Abyss
 20996 | D:14     | Identified the ring "Muusm" {rCorr Stlth+}
 20998 | D:14     | Identified the ring of the Tarantula {rElec rC+ Dex+6}
 20999 | D:14     | Identified the ring "Fauw Wost" {AC+4 Str+4}
 21017 | D:14     | Identified the ring of Suspected Treachery {rF+ rC+}
 21368 | D:15     | Entered Level 15 of the Dungeon
 21557 | D:15     | Found a glowing golden altar of the Shining One.
 21796 | D:15     | Found a staircase to the Depths.
 22219 | Orc:1    | Entered Level 1 of the Orcish Mines
 22356 | Orc:2    | Entered Level 2 of the Orcish Mines
 22445 | Orc:2    | Lost mutation: You have a pair of large antennae on your
                  | head. (SInv) [Jiyva's grace]
 22445 | Orc:2    | Lost mutation: You have a pair of antennae on your head.
                  | [Jiyva's grace]
 22445 | Orc:2    | Lost mutation: You have a somewhat thin skeletal structure.
                  | (Dex +2, Stealth+) [Jiyva's grace]
 22445 | Orc:2    | Lost mutation: You are clumsy. (Dex -2) [Jiyva's grace]
 22445 | Orc:2    | Lost mutation: You are resistant to electric shocks.
                  | (rElec) [Jiyva's grace]
 22445 | Orc:2    | Lost mutation: Your pliable body absorbs attacks. (AC +2,
                  | EV +2) [Jiyva's grace]
 22445 | Orc:2    | Gained mutation: You are partially covered in large bone
                  | plates. (SH +4) [Jiyva's grace]
 22445 | Orc:2    | Gained mutation: You are mostly covered in large bone
                  | plates. (SH +6) [Jiyva's grace]
 22445 | Orc:2    | Gained mutation: You are completely covered in large bone
                  | plates. (SH +8) [Jiyva's grace]
 22445 | Orc:2    | Gained mutation: You have a small jelly attached to you
                  | that senses nearby items. [Jiyva's grace]
 22652 | Orc:2    | Paralysed by an orc sorcerer for 3 turns
 22662 | Orc:2    | Paralysed by an orc sorcerer for 3 turns
 22690 | Orc:2    | Found Hintohan's Weapon Shop.
 22690 | Orc:2    | Found Ytobluv's Magic Scroll Emporium.
 22697 | Orc:2    | Found Nythekk's Armour Emporium.
 22697 | Orc:2    | Found Pirchis's Magic Scroll Shop.
 22766 | Orc:2    | Found a staircase to the Elven Halls.
 22974 | Orc:2    | Reached XP level 18. HP: 124/141 MP: 35/35
 23179 | Elf:1    | Entered Level 1 of the Elven Halls
 23236 | Elf:1    | Paralysed by an orc sorcerer for 2 turns
 23462 | Abyss:4  | Cast into level 4 of the Abyss (+3 trident of distortion)
 23681 | Abyss:4  | Mangled by a lorocyproca

Illustrated notes

Levels and vault maps discovered:
D:1:      beargit_arrival_greenhouse, layout_loops_ring, basic_ecumenical_altar,
          minmay_circled_x
D:2:      layout_rooms
D:3:      layout_basic, kiku_gazebo_garden_becter, portal_sewer_entry_f,
          uniq_grinder, uniq_sigmund
D:4:      layout_gridville, lemuel_zombie_altar_yredelemnul, serial_shops, shop,
          nicolae_shop_trees, kennysheep_mini_moat, kennysheep_mini
D:5:      layout_basic, pdpol_wu_jian_five_deadly_venoms, serial_shops,
          shop_fountains, nicolae_concentric_dashed_squares_wild, uniq_edmund,
          uniq_menkaure, uniq_duvessa, uniq_pikel
D:6:      layout_cave_pools, gammafunk_ghost_arena, centaur_isle
D:7:      layout_gridville, lemuel_crystal_altar, temple_fountains,
          serial_shops, nicolae_shop_bloodbath_and_beyond, enter_bailey_4,
          nicolae_shop_firing_range, uniq_prince_ribbit1
D:8:      layout_loops_corners, nicolae_overflow_crystal_walls,
          dpeg_lair_monsters
D:9:      layout_loops_ring, lemuel_round_altar, mainiacjoe_overflow_paths,
          led_sif_book
D:10:     layout_roguey, zin_academy, nicolae_trove_entry_path_of_doom,
          kennysheep_donut, small_chamber_with_monster, minivault_20
D:11:     nzn_winding_woodlands_cross [nzn_winding_woodlands_5x15_lazy_stream,
          nzn_winding_woodlands_5x15_longhouse,
          nzn_winding_woodlands_5x15_default,
          nzn_winding_woodlands_5x15_sidewinder,
          nzn_winding_woodlands_15x15_killbox], layout_stronghold, david_orc_3,
          serial_ice, serial_ice_c, serial_ice_n, serial_ice_k, serial_ice_f,
          serial_ice_m, serial_ice_g, serial_ice_h
D:12:     layout_cave_pods, uniq_urug
D:13:     layout_basic, david_vaults_4, serial_shops, nicolae_diamond_shop,
          elyvilon_altar_3, uniq_erolcha
D:14:     minmay_the_grid_triangle_9x9_recursive_3
          [minmay_the_grid_triangle_9x9_semitri,
          minmay_the_grid_triangle_9x9_zippers_horizontal,
          minmay_the_grid_triangle_9x9_descending_squares,
          minmay_the_grid_triangle_9x9_prize_special,
          minmay_the_grid_triangle_9x9_wacky_v,
          minmay_the_grid_triangle_9x9_thin_v,
          minmay_the_grid_triangle_9x9_negative_grid,
          minmay_the_grid_triangle_9x9_minimal,
          minmay_the_grid_triangle_9x9_windchime], layout_irregular_city,
          chequers_serial_rivers_small_b, grunt_ministairs_9,
          minmay_tree_intersection, uniq_josephine
D:15:     gammafunk_enter_depths_forms, layout_basic,
          nicolae_tso_swordbearing_angel
Lair:1:   layout_gridlike, gammafunk_ghost_icy, basic_altar
Lair:2:   layout_regular_city, swamp_mist_pool, lemuel_fruit_tree,
          grunt_megastairs_2, serial_bayou_shore_b, serial_bayou_shore_a,
          serial_bayou_shore_b, infiniplex_staircase_pool_2
Lair:3:   minmay_guarded_unrand_snakebite, layout_loops_ring,
          nicolae_spider_entry_tight_spaces
Lair:4:   layout_regular_city, slime_entry_2, worms_lemuel
Lair:5:   hangedman_lair_tendril_chambers, layout_long_grid,
          guppyfry_lair_end_dragon, serial_forest, infiniplex_forest_clump_tiny,
          infiniplex_forest_end_3, infiniplex_forest_lined_room_2,
          infiniplex_forest_clump_curved, nicolae_volcano_entry_lava_flow,
          columned_hall_lemuel, nicolae_lair_time_for_slime, uniq_rupert
Slime:1:  layout_caves
Slime:2:  layout_caves, cheibrodos_slime_lost_civilization_4
Slime:3:  layout_caves
Slime:4:  layout_caves, cheibrodos_slime_lost_civilization_5
Slime:5
Orc:1:    layout_caves, ebering_ghost_reflecting_pool
Orc:2:    grunt_orc_tribal_feast, layout_caves, minmay_orc_barracks
Elf:1:    layout_onion_city, serial_shops, shop, minmay_elf_sorcery,
          patterned_corridor
Abyss:4:  base: Crypt:2, minivault_22, base: D:4, patterned_corridor, base:
D:4

Skill      XL: |  1  2  3  4  5  6  7  8  9 10 11 12 13 14 15 16 17 |
---------------+----------------------------------------------------+-----
Spellcasting   | 5 6 7 8 9 10 11 12 13 | 13.5
Invocations    | 2 3 4 5 6 7 8 9 10 11 12 13 | 13.7
Fighting       | 1 2 3 5 6 7 8 9 10 11 12 | 12.6
Short Blades   | 1 2 3 5 6 7 8 9 10 11 12 | 12.6
Long Blades    | 1 2 3 5 6 7 8 9 10 11 12 | 12.6
Axes           | 1 2 3 5 6 7 8 9 10 11 12 | 12.6
Maces & Flails | 1 2 3 5 6 7 8 9 10 11 12 | 12.6
Polearms       | 1 2 3 5 6 7 8 9 10 11 12 | 12.6
Staves         | 1 2 3 5 6 7 8 9 10 11 12 | 12.6
Ranged Weapons | 1 2 3 5 6 7 8 9 10 11 12 | 12.6
Throwing       | 1 2 3 5 6 7 8 9 10 11 12 | 12.6
Armour         | 1 2 3 5 6 7 8 9 10 11 12 | 12.6
Shields        | 1 2 3 5 6 7 8 9 10 11 12 | 12.6
Unarmed Combat | 1 2 3 5 6 7 8 9 10 11 12 | 12.6
Hexes          | 1 2 3 4 5 6 7 8 9 10 | 10.7
Summonings     | 1 2 3 4 5 6 7 8 9 10 | 10.7
Necromancy     | 1 2 3 4 5 6 7 8 9 10 | 10.7
Translocations | 1 2 3 4 5 6 7 8 9 10 | 10.7
Transmutations | 1 2 3 4 5 6 7 8 9 10 | 10.7
Fire Magic     | 1 2 3 4 5 6 7 8 9 10 | 10.7
Ice Magic      | 1 2 3 4 5 6 7 8 9 10 | 10.7
Air Magic      | 1 2 3 4 5 6 7 8 9 10 | 10.7
Earth Magic    | 1 2 3 4 5 6 7 8 9 10 | 10.7
Poison Magic   | 1 2 3 4 5 6 7 8 9 10 | 10.7
Evocations     | 1 2 3 5 6 7 8 9 10 11 12 | 12.6
Dodging        | 5 6 7 8 9 10 11 12 13 | 13.4
Stealth        | 5 6 7 8 9 10 11 12 13 | 13.2
Conjurations   | 8 9 10 11 12 | 12.7

Action                   |  1- 3 |  4- 6 |  7- 9 | 10-12 | 13-15 | 16-18 || total
-------------------------+-------+-------+-------+-------+-------+-------++-------
Melee: Unarmed           |    12 |    14 |    33 |       |       |       ||    59
       Bite              |       |     1 |     5 |    58 |   201 |   208 ||   473
       Rapier            |       |       |    20 |   161 |       |       ||   181
       Whip              |       |       |       |   146 |  1293 |  1266 ||  2705
       Staff             |       |       |       |    24 |       |       ||    24
       Kick              |       |       |       |       |   400 |   550 ||   950
 Cast: Magic Dart        |    54 |    42 |   166 |   107 |   133 |    16 ||   518
       Searing Ray       |     3 |     4 |    45 |    13 |       |       ||    65
       Call Imp          |       |       |    15 |     8 |     3 |       ||    26
       Mephitic Cloud    |       |       |    10 |    20 |     4 |       ||    34
       Iskenderun's Myst |       |       |       |    65 |    18 |    30 ||   113
       Fulminant Prism   |       |       |       |    34 |    10 |    12 ||    56
       Summon Ice Beast  |       |       |       |    10 |     2 |     6 ||    18
       Foxfire           |       |       |       |       |    29 |   115 ||   144
Invok: Oozemancy         |       |       |       |       |     5 |     6 ||    11
       Slimify           |       |       |       |       |       |     2 ||     2
 Abil: Evoke Blink       |       |       |       |       |     1 |       ||     1
Evoke: Wand              |       |       |       |     1 |       |       ||     1
  Use: Scroll            |       |       |     2 |    11 |     9 |     1 ||    23
       Potion            |       |       |     1 |     1 |     2 |     1 ||     5
 Stab: Sleeping          |       |     1 |       |       |     3 |     5 ||     9
       Confused          |       |       |       |     8 |     1 |       ||     9
       Petrified         |       |       |       |     4 |       |       ||     4
       Distracted        |       |       |       |       |     1 |     3 ||     4
       Petrifying        |       |       |       |       |     1 |       ||     1
       Invisible         |       |       |       |       |     6 |       ||     6
Armor: Leather armour    |       |     7 |    15 |       |       |       ||    22
       Ring mail         |       |       |    28 |    61 |       |       ||    89
       Plate armour      |       |       |       |   127 |   737 |   695 ||  1559
Dodge: Dodged            |    16 |    11 |   100 |   198 |   487 |   437 ||  1249
Block: Buckler           |     1 |     5 |    47 |    88 |   257 |   223 ||   621
       Kite shield       |       |       |       |       |       |   224 ||   224
